 Dungeon Crawl Stone Soup version 0.27.1-33-g824d729ab1 (webtiles) character file.

Game seed: 2806440976351064778

9 Sharkman1231 the Magician (level 2, 0/33 HPs)
             Began as a Demonspawn Wanderer on Dec 26, 2021.
             Was an Initiate of Ashenzari.
             Succumbed to a kobold's poison
             ... on level 1 of the Dungeon.
             The game lasted 00:01:00 (902 turns).

Sharkman1231 the Magician (Demonspawn Wanderer)      Turns: 902, Time: 00:01:00

Health: 0/33       AC: 21    Str: 11    XL:     2   Next: 3%
Magic:  6/6        EV:  2    Int: 15    God:    Ashenzari [......]
Gold:   29         SH:  0    Dex: 11    Spells: 7/7 levels left

rFire    . . .     SeeInvis .   a - +0 club
rCold    . . .     Faith    .   (no shield)
rNeg     + + +     Spirit   .   (armour currently unavailable)
rPois    +         Reflect  .   (helmet currently unavailable)
rElec    .         Harm     .   (cloak currently unavailable)
rCorr    .         Rampage  .   (gloves currently unavailable)
Will     .....     NoTele   +   (boots currently unavailable)
Stlth    +.........             (no amulet)
HPRegen  0.11/turn              (no ring)
MPRegen  0.10/turn              (no ring)

@: lethally poisoned (0 -> -3), tree-form
A: stationary, stasis, torment immunity, boosted hp, (slimy green scales 1)
a: Renounce Religion, Curse Item


You were on level 1 of the Dungeon.
You worshipped Ashenzari.
Ashenzari was noncommittal.
You were a tree.
You visited 1 branch of the dungeon, and saw 1 of its levels.

You collected 29 gold pieces.

Inventory:

Hand Weapons
 a - a +0 club (weapon)
Armour
 b - a +0 robe (melded)
Scrolls
 d - a scroll of magic mapping
 e - a scroll of identify
 f - a scroll of enchant armour
 h - a scroll of enchant weapon
 i - a scroll of fog
 j - a scroll of fear


   Skills:
 + Level 1.7 Fighting
 - Level 1.0 Stealth
 - Level 1.0 Shields
 - Level 3.0 Spellcasting
 - Level 2.0 Conjurations
 - Level 2.1 Necromancy
 - Level 1.0 Fire Magic


You had 7 spell levels left.
You didn't know any spells.
Your spell library contained the following spells:

 Spells                   Type           Power      Damage    Failure   Level
 Magic Dart               Conj           32%        1d4       9%          1
 Summon Small Mammal      Summ           8%         N/A       21%         1
 Blink                    Tloc           N/A        N/A       30%         2
 Call Imp                 Summ           2%         N/A       30%         2
 Slow                     Hex            2%         N/A       30%         2
 Conjure Flame            Conj/Fire      6%         6-21      32%         3
 Mephitic Cloud           Conj/Pois/Air  4%         N/A       43%         3
 Summon Guardian Golem    Hex/Summ       2%         N/A       52%         3


Dungeon Overview and Level Annotations

Branches:
Dungeon (1/15)

Altars:
Ashenzari


Innate Abilities, Weirdness & Mutations

You are a tree.
Your roots penetrate the ground, keeping you stationary.
You cannot be teleported.
You are immune to unholy pain and torment.
Your maximum health is greatly increased.
Your equipment is partially melded.
((You are partially covered in slimy green scales. (AC +2)))


Message History

You are too injured to fight recklessly!
You are too injured to fight recklessly!
You are too injured to fight recklessly!
You are too injured to fight recklessly!
You are too injured to fight recklessly!
You are too injured to fight recklessly!
You barely miss the kobold.
The kobold is heavily wounded.
* * * LOW HITPOINT WARNING * * *
You feel sick.
The kobold hits you with a +1 short sword of venom.
* * * LOW HITPOINT WARNING * * *
You are more poisoned.
The kobold misses you.
You feel better. The kobold barely misses you.
You barely miss the kobold.
The kobold is heavily wounded.
The kobold hits you with a +1 short sword of venom.
You are lethally poisoned!
You hit the kobold.
You kill the kobold!
* * * LOW HITPOINT WARNING * * *
You feel very sick.
You have reached level 2!
Your demonic ancestry asserts itself...
Slimy green scales grow over part of your body.
Really quaff the potion of lignification?
Uppercase [Y]es or [N]o only, please.
Really quaff the potion of lignification?
You turn into a tree.
Your +0 robe melds into your body.
Your roots penetrate the ground.
* * * LOW HITPOINT WARNING * * *
You feel sick.
* * * LOW HITPOINT WARNING * * *
You feel sick.
* * * LOW HITPOINT WARNING * * *
You feel sick.
* * * LOW HITPOINT WARNING * * *
You feel sick.
You die...

#......†..........#.....#.#....
#....)............##.####.#....
#.................#............
..........#........#.#.###.#...#
......#...##........#.#...#.#....
....................#.#...#.#....
......#...###+#...........#.#....
....#.... #...........#...... ..
.... #.♣.........#......
#...)#...............
#....#.....#..#.#.###
#........#.. #.#. ..
...##........ .. .... #..!.....
.. ..... #... .... .#.# #....


There were no monsters in sight!

Vanquished Creatures
  A giant cockroach (D:1)
  2 kobolds (D:1)
  2 quokkas (D:1)
  A bat (D:1)
  2 frilled lizards (D:1)
8 creatures vanquished.

Notes
Turn   | Place    | Note
-------+----------+-------------------------------------------
     0 | D:1      | Sharkman1231 the Demonspawn Wanderer began the quest for
                  | the Orb.
     0 | D:1      | Sharkman1231 set off with the following items: a +0 club, a
                  | +0 robe, a potion of lignification; and the following
                  | spells available to memorise: Magic Dart, Summon Small
                  | Mammal, Blink, Call Imp, Slow, Conjure Flame, Mephitic
                  | Cloud, Summon Guardian Golem
     0 | D:1      | Reached XP level 1. HP: 13/13 MP: 4/4
   308 | D:1      | Reached skill level 1 in Fighting
   555 | D:1      | Found a faded altar of an unknown god.
   574 | D:1      | Became a worshipper of Ashenzari the Shackled
   898 | D:1      | Gained mutation: You are partially covered in slimy green
                  | scales. (AC +2) [demonic ancestry]
   898 | D:1      | Reached XP level 2. HP: 4/22 MP: 6/6
   901 | D:1      | HP: 1/33 [poisoned by a kobold]
   902 | D:1      | Succumbed to a kobold's poison

Illustrated notes

Levels and vault maps discovered:
D:1:      wander_arrival_chamber, layout_basic,
          hellmonk_ecumenical_altar_lost_god

Skill      XL: |  1 |
---------------+----+-----
Fighting       | 1 |  1.7
Stealth        | |  1.0
Shields        | |  1.0
Spellcasting   | |  3.0
Conjurations   | |  2.0
Necromancy     | |  2.1
Fire Magic     | |  1.0

Action                   || total
-------------------------++-------
Melee: Club              ||    43
  Use: Potion            ||     2
 Stab: Sleeping          ||     2
Armor: Robe              ||     7
Dodge: Dodged            ||    33
